 Dungeon Crawl Stone Soup version 0.19-a0-1185-gacb3972 (webtiles) character file.

127 Duffy the Skirmisher (level 4, 27/44 HPs)
             Began as a Deep Dwarf Artificer on Aug 19, 2016.
             Quit the game on level 3 of the Dungeon.
             The game lasted 00:03:15 (2398 turns).

Duffy the Skirmisher (Deep Dwarf Artificer)         Turns: 2398, Time: 00:03:17

Health: 27/44      AC:  6    Str: 15    XL:     4   Next: 85%
Magic:  6/6        EV: 10    Int: 12    God:
Gold:   160        SH:  0    Dex: 14    Spells: 0 memorised, 3 levels left

rFire  . . .     SeeInvis .     a - +0 short sword
rCold  . . .     Gourm    .     y - +0 scale mail
rNeg   . . .     Faith    .     (no shield)
rPois  .         Spirit   .     (no helmet)
rElec  .         Dismiss  .     (no cloak)
rCorr  .         Reflect  .     (no gloves)
MR     .....     Harm     .     (no boots)
Stlth  ..........               (no amulet)
                                (no ring)
                                (no ring)

@: non-regenerating
A: damage resistance, recharge devices, sense surroundings 1, slow regeneration
3
a: Device Recharging


You were on level 3 of the Dungeon.
You were not hungry.

You visited 1 branch of the dungeon, and saw 4 of its levels.

You collected 160 gold pieces.

Inventory:

Hand Weapons
 a - a +0 short sword (weapon)
Armour
 b - a +0 leather armour
 h - a +0 ring mail
 y - a +0 scale mail (worn)
Jewellery
 r - an uncursed ring of ice
Wands
 c - a wand of flame (13/48)
 d - a wand of enslavement (15/24)
 e - a wand of random effects (15/48)
 f - a wand of heal wounds (3/9)
Scrolls
 j - 2 scrolls of remove curse {unknown}
 m - a scroll of recharging {unknown}
 n - a scroll of amnesia {unknown}
 t - 4 scrolls of identify {unknown}
 v - a scroll of random uselessness {unknown}
 x - a scroll of teleportation {unknown}
Potions
 k - a potion of might {unknown}
 o - a potion of cure mutation {unknown}
 q - a potion of flight {unknown}
 u - a potion of lignification {unknown}
 w - a potion of mutation {unknown}
Books
 s - a book of Beasts

   Spells                             Type                      Level
   a - Summon Butterflies             Summoning                    1
   b - Call Canine Familiar           Summoning                    3
   c - Summon Ice Beast               Ice/Summoning                4
   d - Summon Mana Viper              Hexes/Summoning              5
   e - Summon Hydra                   Summoning                    7
Comestibles
 g - 3 bread rations
 i - 3 fruits
 l - 2 royal jellies
 z - a meat ration
 A - a slice of pizza


   Skills:
 + Level 4.1 Fighting
 - Level 0.8 Short Blades
 - Level 2.5 Dodging
 - Level 1.2 Stealth
 - Level 4.0 Evocations


You had 3 spell levels left.
You didn't know any spells.

Dungeon Overview and Level Annotations

Branches:
Dungeon (4/15)
 Temple: D:4-7

Altars:
Sif Muna


Innate Abilities, Weirdness & Mutations

You are resistant to damage.
You can recharge devices by infusing magical energy.
You passively map a small area around you.
You do not regenerate naturally.


Message History

No target in view!
No target in view!
No target in view!
You see here a giant newt corpse.
There is a stone staircase leading up here.
You now have 160 gold pieces (gained 12).
Found a ring mail.
A phantom comes into view.
The phantom blinks!
A phantom is nearby!
You hit the phantom.
The phantom is lightly damaged.
The phantom hits you.
The phantom hits you but does no damage.
All of the chunks of flesh in your inventory have rotted away.
There is a stone staircase leading up here.
The phantom misses you.
You climb upwards.
There is a stone staircase leading down here.
Are you sure you want to abandon this character and quit the game? (Confirm with "yes".)

......# #.## ##............#
#####.# ##.###)####.########
#.# #))#.## #.# , #.# #.#.##
#.# #8.) #.# #....# #.# ##(..
#.#####.#..# #.# #8...
#......#...# #.# *#...
#####.###..#####.#########8..
#<## ##..@W..........#*##>
##.###..#####.......######
#######.#.#.## #(.............
#........#...###.#.####.#.###.
#.#######.###.##.#.# #.#.# #.
#.# #.# #.##.#.# #.#.# #. #.#
#.###.##.#.# #.#.###. #.#
##...###.#.# #.#..... #.#
#.### #.#.# #.......


You could see a phantom.

Vanquished Creatures
  An orc wizard (D:4)
  2 adders (D:2)
  4 worms
  5 dart slugs
  3 giant geckos
  5 orcs
  4 giant cockroaches
  4 goblins
  A hobgoblin (D:1)
  4 jackals (D:1)
  A quokka (D:3)
  6 bats
  2 giant newts
  8 kobolds
  6 rats
56 creatures vanquished.

Notes
Turn   | Place    | Note
-------+----------+-------------------------------------------
     0 | D:1      | Duffy the Deep Dwarf Artificer began the quest for the Orb.
     0 | D:1      | Reached XP level 1. HP: 16/16 MP: 3/3
    59 | D:1      | Reached skill level 1 in Fighting
   116 | D:1      | Reached XP level 2. HP: 25/25 MP: 5/5
   549 | D:1      | You fall through a shaft!
   557 | D:2      | Reached XP level 3. HP: 33/33 MP: 6/6
   983 | D:2      | Reached XP level 4. HP: 32/42 MP: 7/7
  1684 | D:3      | Found a deep blue altar of Sif Muna.
  2385 | D:4      | Noticed a phantom
  2398 | D:3      | Quit the game

Vault maps used:
D:1:      kilobyte_arrival_exit_the_forest, serial_bayou_crossing
D:3:      lemuel_blue_sif_altar, nicolae_overflow_hidden_temple,
          wad_floor_pattern_2
D:4:      nicolae_ashenzari_panopticon, zin_treasury, uniq_menkaure

Skill      XL: |  1  2  3  4 |
---------------+-------------+-----
Fighting       | 1 2 3 4 |  4.1
Short Blades   | |  0.8
Dodging        | |  2.5
Stealth        | |  1.2
Evocations     | |  4.0

Action                   |  1- 3 |  4- 6 || total
-------------------------+-------+-------++-------
Melee: Short sword       |   154 |   146 ||   300
 Abil: Device Recharging |       |     1 ||     1
Evoke: Wand              |     1 |     6 ||     7
  Eat: Chunk             |     1 |     2 ||     3
       Pizza             |       |     2 ||     2
Armor: Leather armour    |    15 |       ||    15
       Ring mail         |    57 |    29 ||    86
       Scale mail        |       |     6 ||     6
Dodge: Dodged            |   126 |    48 ||   174
